 Dungeon Crawl Stone Soup version 0.31-a0-640-g39d97e502b (webtiles) character file.

Game seed: 14362738754486756103

336 Sanktem7 the Chopper (level 6, -9/56 HPs)
             Began as a Minotaur Fighter on Aug 29, 2023.
             Mangled by a two-headed ogre
             ... wielding a +0 giant club
              (13 damage)
             ... on level 7 of the Dungeon.
             The game lasted 00:03:33 (2791 turns).

Sanktem7 the Chopper (Minotaur Fighter)             Turns: 2791, Time: 00:03:34

Health: -9/56      AC:  8    Str: 22    XL:     6   Next: 28%
Magic:  5/5        EV:  9    Int:  5    God:
Gold:   138        SH:  5    Dex: 10    Spells: 5/5 levels left

rFire   . . .        a - +0 war axe {axe}
rCold   . . .        c - +0 buckler
rNeg    . . .        b - +0 scale mail
rPois   +            (helmet restricted)
rElec   .            (no cloak)
rCorr   .            (no gloves)
SInv    .            o - +0 pair of boots
Will    .....        (no amulet) Stlth
                     p - ring of poison resistance
HPRegen 0.29/turn    (no ring)
MPRegen 0.09/turn

%: no passive effects
@: no status effects
A: horns 2, retaliatory headbutt
a: no special abilities


You were on level 7 of the Dungeon.
You visited 1 branch of the dungeon, and saw 6 of its levels.

You collected 138 gold pieces.


Innate Abilities, Weirdness & Mutations

You have a pair of horns on your head.
You reflexively headbutt those who attack you in melee.


   Skills:
 + Level 5.0 Fighting
 * Level 5.3 Axes
 + Level 5.0 Armour
 + Level 5.0 Shields


You had 5 spell levels left.
You didn't know any spells.
Your spell library contained the following spells:

 Spells                   Type           Power      Damage    Failure   Level
 Foxfire                  Conj/Fire      0%         2x1d4     85%         1
 Plasma Beam              Fire/Air       0%         2x1d10    100%        6
 Starburst                Conj/Fire      0%         6d3       100%        6
 Malign Gateway           Summ/Tloc      0%         N/A       100%        7
 Summon Horrible Things   Summ           0%         N/A       100%        8

Inventory:

Hand Weapons
 a - a +0 war axe (weapon) {axe}
 f - a +2 dagger of venom {short}
   (You took it off a goblin on level 1 of the Dungeon)
 h - a +0 short sword of freezing {short}
   (You took it off a kobold on level 1 of the Dungeon)
 x - a +1 whip of electrocution {mace}
   (You took it off an orc on level 7 of the Dungeon)
Missiles
 i - 23 stones {throwing}
 q - 8 poisoned darts {throwing}
 y - 3 boomerangs {throwing}
Armour
 b - a +0 scale mail (worn)
 c - a +0 buckler (worn)
 o - a +0 pair of boots (worn)
   (You found it on level 3 of the Dungeon)
 z - an orb of wrath
   (You found it on level 7 of the Dungeon)
Jewellery
 p - a ring of poison resistance (left hand)
   (You found it on level 3 of the Dungeon)
 t - an amulet of the acrobat
   (You took it off a goblin on level 3 of the Dungeon)
Scrolls
 g - 2 scrolls of blinking {unknown}
 k - 2 scrolls of fear {unknown}
 l - a scroll of enchant weapon {unknown}
 m - a scroll of poison {unknown}
 n - a scroll of fog {unknown}
 r - a scroll of enchant armour {unknown}
 u - a scroll of revelation {unknown}
 v - a scroll of identify {unknown}
 w - a scroll of acquirement {unknown}
Potions
 d - a potion of might
 e - 2 potions of brilliance {unknown}
 j - a potion of lignification {unknown}
 s - a potion of mutation {unknown}

Dungeon Overview and Level Annotations

Branches:
Dungeon (7/15) Zot: 26835
 Temple: D:4-7

Altars:

#.##.>........# .#
####.##.#####.##.##.#
#...[)........##.##.#
#.#####.#####.##.##.#
##.#####.#####.##.##.#
<..............##.##.#
##.##########..##..#.#
#.# ##....O...# #.#
#....@..#.#
##.#########..####.#.#
..............# #.#.#
.##########...# #.#.#
.# #...# #.#.# .#
#.).# #.#.# .# #...#
#.#.# .###### #...#
#.#.#
......#####...####.#.#


You could see a two-headed ogre.


Message History

Your Shields skill increases to level 5!
You have reached level 6! 😮 HP[+7] MP[+1]
You now have 56 max hp (+9).
You regained 7 hp, and now have 41/56 hp.
Your mp is fully restored (5).
An orc comes into view. It is wielding a +0 flail. 😕 HP[+9]
You regained 9 hp, and now have 50/56 hp.
An orc is nearby!
An orc is nearby!
An orc is nearby!
Found an escape hatch in the floor.
The orc shouts!
You hit the orc. Your headbutt misses the orc.
The orc hits you with a +0 flail. 😕 HP[-3]
You take 3 damage, and now have 47/56 hp.
You hit the orc.
You kill the orc!
No target in view!
No target in view!
No target in view!
No target in view!
No target in view!
No target in view!
No target in view!
No target in view!
No target in view!
No target in view!
No target in view!
No target in view!
No target in view!
No target in view!
No target in view!
No target in view!
i - 23 stones {throwing} (gained 9) Key pressed, stopping explore.
Key pressed, stopping explore.
A two-headed ogre comes into view.
It is wielding a +0 giant club and a +0 giant spiked club. 😎 HP[+9]
Your hp is fully restored (56).
The two-headed ogre barely misses you. You block the two-headed ogre's attack.
You barely miss the two-headed ogre.
The two-headed ogre hits you with a +0 giant club.
The two-headed ogre closely misses you. 😕 HP[-6]
You take 6 damage, and now have 50/56 hp.
You hit the two-headed ogre. The two-headed ogre barely misses you.
You furiously retaliate!
You headbutt the two-headed ogre.
The two-headed ogre hits you with a +0 giant spiked club!! 😮 HP[-21]
You take 21 damage, and now have 29/56 hp.
MASSIVE DAMAGE!! (PAUSE)
You slash the two-headed ogre! The two-headed ogre closely misses you.
The two-headed ogre hits you with a +0 giant spiked club!!
* * * LOW HITPOINT WARNING * * *
😱 HP[-21]
You take 21 damage, and now have 8/56 hp.
MASSIVE DAMAGE!! (PAUSE) 😱 HP[+1]
The two-headed ogre attacks as it pursues you!
The two-headed ogre hits you with a +0 giant club.
* * * LOW HITPOINT WARNING * * *
The two-headed ogre hits you with a +0 giant spiked club.
* * * LOW HITPOINT WARNING * * *
😱 HP[-3]
You take 3 damage, and now have 6/56 hp. 😱 HP[+1] 😱 HP[+1] 😱 HP[+1]
There is a stone staircase leading up here. 😱 HP[+1]
You climb upwards.
There is a stone staircase leading down here.
You start resting. 😎 HP[+46]
Your hp is fully restored (56).
You can't go up here!
You climb downwards.
The two-headed ogre hits you with a +0 giant club!
You block the two-headed ogre's attack.
There is a stone staircase leading up, spattered with blood here. 😕 HP[-13]
You take 13 damage, and now have 43/56 hp.
MASSIVE DAMAGE!! (PAUSE)
You slash the two-headed ogre!
The two-headed ogre hits you with a +0 giant club!
* * * LOW HITPOINT WARNING * * *
You block the two-headed ogre's attack. 😨 HP[-16]
You take 16 damage, and now have 27/56 hp.
MASSIVE DAMAGE!! (PAUSE)
You slash the two-headed ogre! You block the two-headed ogre's attack.
The two-headed ogre barely misses you.
You slash the two-headed ogre! You headbutt the two-headed ogre.
The two-headed ogre hits you with a +0 giant club!!
* * * LOW HITPOINT WARNING * * *
The two-headed ogre hits you with a +0 giant spiked club!
You die...

Skill      XL: |  1  2  3  4  5 |
---------------+----------------+-----
Axes           | 3 4 5 |  5.3
Armour         | 4 5 |  5.0
Fighting       | 4 5 |  5.0
Shields        | 4 5 |  5.0

Action                     |  1- 3 |  4- 6 || total
---------------------------+-------+-------++-------
  Melee: War axe           |    95 |    99 ||   194
         Headbutt          |     9 |    14 ||    23
 Armour: Scale mail        |    47 |    36 ||    83
  Dodge: Dodged            |    44 |    41 ||    85
  Block: Buckler           |    30 |    25 ||    55

Levels and vault maps discovered:
D:1:      evilmike_arrival_fibonacci_small, layout_basic, minmay_crystal_room,
          minivault_19
D:2:      layout_loops_ring
D:3:      layout_rooms, amcnicky_mini_rare_corridor_liquid, nicolae_the_louvre
D:4:      layout_loops_ring, led_sif_pool, nicolae_overflow_two_pavilions,
          ebering_ghost_inner_flame, chequers_jeans
D:6:      layout_gridville
D:7:      layout_loops_ring, tgw_xom

Notes
Turn   | Place    | Note
-------+----------+-------------------------------------------
     0 | D:1      | Sanktem7 the Minotaur Fighter began the quest for the Orb.
     0 | D:1      | Reached XP level 1. HP: 19/19 MP: 0/0
     0 | D:1      | magus.rc [v1.9.6]
   232 | D:1      | Reached XP level 2. HP: 27/27 MP: 1/1
   275 | D:1      | Reached skill level 3 in Axes
   420 | D:1      | You pick up a book of Fire and begin reading...
   420 | D:1      | You add the spells Foxfire, Plasma Beam and Starburst to
                  | your library.
   508 | D:1      | Reached skill level 4 in Armour
   512 | D:1      | Reached skill level 4 in Fighting
   512 | D:1      | Reached skill level 4 in Shields
   512 | D:1      | Reached XP level 3. HP: 16/33 MP: 2/2
  1087 | D:2      | Reached XP level 4. HP: 26/40 MP: 3/3
  1088 | D:2      | Reached skill level 4 in Axes
  1400 | D:2      | You add the spells Malign Gateway and Summon Horrible
                  | Things to your library.
  1621 | D:3      | Reached XP level 5. HP: 45/47 MP: 4/4
  2207 | D:4      | Reached skill level 5 in Axes
  2358 | D:4      | You fall into a shaft and drop 3 floors!
  2474 | D:7      | Noticed an ice beast
  2482 | D:7      | Killed an ice beast
  2483 | D:7      | Reached skill level 5 in Fighting
  2483 | D:7      | Reached skill level 5 in Armour
  2483 | D:7      | Reached skill level 5 in Shields
  2483 | D:7      | Reached XP level 6. HP: 41/56 MP: 5/5
  2602 | D:7      | Noticed a two-headed ogre
  2608 | D:7      | HP: 8/56 [two-headed ogre/+0 giant club (21)]
  2614 | D:7      | HP: 9/56 [two-headed ogre/+0 giant club (1)]
  2791 | D:7      | HP: 4/56 [two-headed ogre/+0 giant club (23)]
  2791 | D:7      | Mangled by a two-headed ogre

Vanquished Creatures
  An ice beast (D:7)
  2 orc priests
  An iguana (D:4)
  A gnoll (D:1)
  5 adders
  2 worms (D:3)
  3 dart slugs
  11 orcs
  9 ball pythons
  8 bats
  8 endoplasms
  5 giant cockroaches
  5 goblins
  4 hobgoblins
  6 kobolds
  4 quokkas
  3 frilled lizards
  4 rats
82 creatures vanquished.

Table legend:
 A = Non-vault XP
 B = Vault XP
 C = Vault XP percentage of total XP
 D = Non-vault monster count
 E = Vault monster count
 F = Vault count percentage of total count
                 A         B        C        D         E       F
            +---------+---------+-------+---------+---------+-------
      Total |     481 |       0 |   0.0 |      82 |       0 |   0.0
            +---------+---------+-------+---------+---------+-------
        D:1 |      60 |       0 |   0.0 |      27 |       0 |   0.0
        D:2 |      99 |       0 |   0.0 |      20 |       0 |   0.0
        D:3 |     119 |       0 |   0.0 |      25 |       0 |   0.0
        D:4 |      62 |       0 |   0.0 |       6 |       0 |   0.0
        D:7 |     141 |       0 |   0.0 |       4 |       0 |   0.0
            +---------+---------+-------+---------+---------+-------

Skill      XL: |  1  2  3  4  5 |
---------------+----------------+-----
Axes           | 3 4 5 |  5.3
Armour         | 4 5 |  5.0
Fighting       | 4 5 |  5.0
Shields        | 4 5 |  5.0

Action                     |  1- 3 |  4- 6 || total
---------------------------+-------+-------++-------
  Melee: War axe           |    95 |    99 ||   194
         Headbutt          |     9 |    14 ||    23
 Armour: Scale mail        |    47 |    36 ||    83
  Dodge: Dodged            |    44 |    41 ||    85
  Block: Buckler           |    30 |    25 ||    55

Illustrated notes

Table legend:
 A = Kills in this place as a percentage of kills in the entire game.
 B = Kills by you in this place as a percentage of kills by you in the entire game.
 C = Kills by friends in this place as a percentage of kills by friends in the entire game.
 D = Other kills in this place as a percentage of other kills in the entire game.
 E = Experience gained in this place as a percentage of experience gained in the entire game.
 F = Experience gained in this place divided by the number of levels of this place that you have seen.
                   A       B       C       D       E      F
               +-------+-------+-------+-------+-------+----------------------
         Total | 100.0 | 100.0 |   N/A |   N/A | 100.0 |  80.2
       Dungeon | 100.0 | 100.0 |   N/A |   N/A | 100.0 |  80.2
               +-------+-------+-------+-------+-------+----------------------

Table legend: (Time is in decaauts)
 A = Elapsed time spent in this place.
 B = Non-inter-level travel time spent in this place.
 C = Inter-level travel time spent in this place.
 D = Time resting spent in this place.
 E = Time spent auto-exploring this place.
 F = Levels seen in this place.
 G = Mean time per level.
                   A        B        C        D        E       F      G
               +--------+--------+--------+--------+--------+-----+--------+
         Total |   2854 |   2760 |     94 |    157 |   2094 |   6 |  475.7 |
       Dungeon |   2854 |   2760 |     94 |    157 |   2094 |   6 |  475.7 |
               +--------+--------+--------+--------+--------+-----+--------+

Top non-repeatable levels by time:
     D:1: 937 daAuts
     D:3: 639 daAuts
     D:2: 613 daAuts
     D:7: 278 daAuts
     D:4: 226 daAuts
     D:6: 158 daAuts
